 Dungeon Crawl Stone Soup version 0.27-a0-1193-g8631133539 (webtiles) character file.

Game seed: 15864192054129605148

58 robertstho the Skirmisher (level 3, -6/33 HPs)
             Began as a Draconian Berserker on May 26, 2021.
             Was a Believer of Trog.
             Mangled by Robin
             ... wielding a +1 short sword of electrocution
              (9 damage)
             ... on level 2 of the Dungeon.
             The game lasted 00:01:25 (1626 turns).

robertstho the Skirmisher (Draconian Berserker)     Turns: 1626, Time: 00:01:26

Health: -6/33      AC:  6    Str: 20    XL:     3   Next: 75%
Magic:  3/3        EV: 12    Int:  7    God:    Trog [**....]
Gold:   58         SH:  5    Dex: 10    Spells: 2/2 levels left

rFire    . . .     SeeInvis .   a - +0 spear
rCold    . . .     Faith    .   (no shield)
rNeg     . . .     Spirit   .   (armour unavailable)
rPois    .         Reflect  +   (helmet restricted)
rElec    .         Harm     .   (no cloak)
rCorr    .         Rampage  .   (no gloves)
Will     .....                  e - +0 pair of boots
Stlth    +.........             b - amulet of reflection
HPRegen  0.11/turn              (no ring)
MPRegen  0.08/turn              (no ring)

@: on berserk cooldown, slowed, very slow
A: AC +5, unfitting armour, cold-blooded
a: Renounce Religion, Berserk, Trog's Hand


You were on level 2 of the Dungeon.
You worshipped Trog.
Trog was pleased with you.
You visited 1 branch of the dungeon, and saw 2 of its levels.

You collected 58 gold pieces.

Inventory:

Hand Weapons
 a - a +0 spear (weapon)
Armour
 e - a +0 pair of boots (worn)
Jewellery
 b - an amulet of reflection (around neck)
Scrolls
 c - 2 scrolls of identify {unknown}
 d - a scroll of magic mapping {unknown}
Potions
 f - a potion of lignification {unknown}
 g - a potion of flight {unknown}


   Skills:
 * Level 4.1 Fighting
 + Level 3.5 Polearms
 * Level 3.2 Dodging
 + Level 0.2 Stealth


You had 2 spell levels left.
You didn't know any spells.
Your spell library was empty.

Dungeon Overview and Level Annotations

Branches:
Dungeon (2/15)

Altars:

Annotations:
D:2 Robin


Innate Abilities, Weirdness & Mutations

Your plain brown scales are hard. (AC +5)
You cannot fit into any form of body armour.
You are cold-blooded and may be slowed by cold attacks.


Message History

Ouch! That really hurt!
* * * LOW HITPOINT WARNING * * *
The goblin hits you with a +0 dagger.
* * * LOW HITPOINT WARNING * * *
You block the goblin's attack.
You are too injured to fight recklessly!
You are too injured to fight recklessly!
You are too injured to fight recklessly!
You are too injured to fight recklessly!
You are too injured to fight recklessly!
You are too injured to fight recklessly!
You are too injured to fight recklessly!
You are too injured to fight recklessly!
You are too injured to fight recklessly!
You are too injured to fight recklessly!
Unknown command.
You are too injured to fight recklessly!
Unknown command.
You are too injured to fight recklessly!
Unknown command.
You are too injured to fight recklessly!
Unknown command.
You are too injured to fight recklessly!
Unknown command.
Robin throws the goblin at you! The goblin hits you but does no damage.
You block the goblin's attack. You block Robin's attack.
The goblin barely misses you.
Things that are here:
a +0 club; a +0 club; a goblin corpse You hit the goblin.
You kill the goblin!
Trog accepts your kill. Robin barely misses you.
The goblin hits you with a +0 dagger.
* * * LOW HITPOINT WARNING * * *
The goblin no longer looks unusually strong.
Robin says, "Duck!"
Robin roars a battlecry!
The goblin goes into a battle-frenzy!
Robin hits you but does no damage.
You are electrocuted!
You die...

#..## ...# .... .. ##
... ..# #. ..# #.# #.
#.# #.# #. #?# ##.##
####.
#####.####...###....
#..@gg..............
#.....###.####...####.#.
##### #.............#.
#######.#######.
#..>...... ##########


You could see Robin (fast) and a goblin (strong).

Vanquished Creatures
  An adder (D:2)
  3 dart slugs
  A ball python (D:1)
  5 endoplasms (D:1)
  A giant cockroach (D:1)
  8 goblins
  4 hobgoblins
  3 jackals (D:1)
  2 quokkas
  2 bats
  4 frilled lizards
  3 kobolds
  2 rats
39 creatures vanquished.

Notes
Turn   | Place    | Note
-------+----------+-------------------------------------------
     0 | D:1      | robertstho the Draconian Berserker began the quest for the
                  | Orb.
     0 | D:1      | Reached XP level 1. HP: 19/19 MP: 1/1
   339 | D:1      | Reached XP level 2. HP: 26/26 MP: 2/2
  1133 | D:2      | Reached skill level 4 in Fighting
  1133 | D:2      | Reached XP level 3. HP: 17/33 MP: 3/3
  1366 | D:2      | Reached ** piety under Trog
  1598 | D:2      | Noticed Robin
  1626 | D:2      | Mangled by Robin

Illustrated notes

Levels and vault maps discovered:
D:1:      dpeg_arrival_tiny_c, layout_loops_ring
D:2:      layout_loops_ring, hellmonk_ecumenical_altar_heavens_door, uniq_robin

Skill      XL: |  1  2 |
---------------+-------+-----
Dodging        | 3 |  3.2
Fighting       | 4 |  4.1
Polearms       | |  3.5
Stealth        | |  0.2

Action                   || total
-------------------------++-------
Melee: Spear             ||   143
       Tailslap          ||    11
Invok: Berserk           ||     2
 Stab: Sleeping          ||     2
Armor: Skin              ||    31
Dodge: Dodged            ||    68
Block: Other             ||    15
       Reflection        ||     1

Table legend: (Time is in decaauts)
 A = Elapsed time spent in this place.
 B = Non-inter-level travel time spent in this place.
 C = Inter-level travel time spent in this place.
 D = Time resting spent in this place.
 E = Time spent auto-exploring this place.
 F = Levels seen in this place.
 G = Mean time per level.
                   A        B        C        D        E       F      G
               +--------+--------+--------+--------+--------+-----+--------+
         Total |   1627 |   1580 |     47 |     80 |   1257 |   2 |  813.5 |
       Dungeon |   1627 |   1580 |     47 |     80 |   1257 |   2 |  813.5 |
               +--------+--------+--------+--------+--------+-----+--------+

Top non-repeatable levels by time:
     D:1: 1124 daAuts
     D:2: 503 daAuts
